 Dungeon Sprint DCSS version 0.20-a0-842-g939b552 (webtiles) character file.

98 Musica the Martial Artist (level 4, -4/48 HPs)
             Began as a Hill Orc Monk on Mar 9, 2017.
             Was an Elder of Wu Jian.
             Slain by Prince Ribbit (15 damage)
             ... in the Dungeon (Sprint VII: "The Pits").
             The game lasted 00:03:42 (631 turns).

Musica the Martial Artist (Hill Orc Monk)            Turns: 631, Time: 00:03:43

Health: -4/48      AC:  2    Str: 13    XL:     4   Next: 71%
Magic:  4/4        EV: 13    Int: 10    God:    Wu Jian [****..]
Gold:   0          SH:  0    Dex: 14    Spells: 3/3 levels left

rFire    . . .     SeeInvis .     - Unarmed
rCold    . . .     Gourm    .   a - +0 robe
rNeg     . . .     Faith    .   (no shield)
rPois    .         Spirit   .   (no helmet)
rElec    .         Reflect  .   (no cloak)
rCorr    .         Harm     .   (no gloves)
MR       .....     NoTele   +   (no boots)
Stlth    ++........             (no amulet)
Regen    0.2/turn               (no ring)
MPRegen  0.1/turn               (no ring)

@: no status effects
A: no striking features
a: Serpent's Lash, Renounce Religion


You were in the Dungeon.
You worshipped Wu Jian.
Wu Jian was greatly pleased with you.
You were not hungry.

You visited 1 branch

Inventory:

Armour
 a - a +0 robe (worn)
Scrolls
 h - a scroll of blinking
 j - 3 scrolls of remove curse
 k - 5 scrolls of amnesia
 l - a scroll of summoning
 m - 2 scrolls of vulnerability
Potions
 c - 6 potions of curing
 d - 5 potions of heal wounds
 e - a potion of haste
 f - 4 potions of magic
 g - 2 potions of berserk rage
 i - 2 potions of invisibility
Comestibles
 b - 8 bread rations
 n - 40 fruits
 o - 7 meat rations


   Skills:
 + Level 7.9 Fighting
 - Level 2.4 Dodging
 - Level 1.5 Stealth
 + Level 8.0 Unarmed Combat


You had 3 spell levels left.
You didn't know any spells.

Dungeon Overview and Level Annotations

Branches:
Dungeon (1/1)

Altars:
Ashenzari
Cheibriados
Dithmenos
Elyvilon
Fedhas
Gozag
Hepliaklqana
Kikubaaqudgha
Makhleb
Nemelex Xobeh
Okawaru
Qazlal
Ru
Sif Muna
Trog
Uskayaw
Vehumet
Wu Jian
Xom
Yredelemnul
Zin
The Shining One
Beogh
Jiyva
Lugonu

Annotations:
D Prince Ribbit


Message History

The centaur shoots an arrow.
The arrow hits you!
You see here an arrow.
Unknown command.
You see here an arrow.
The centaur shoots an arrow.
The arrow hits you!
* * * LOW HITPOINT WARNING * * *
The centaur shoots an arrow.
The arrow hits you.
* * * LOW HITPOINT WARNING * * *
You see here an arrow.
The centaur shoots an arrow.
The arrow barely misses you.
You are too injured to fight recklessly!
Prince Ribbit croaks regally.
Prince Ribbit blinks!
You see here an arrow.
There is an open door here.
You lunge at Prince Ribbit.
You punch Prince Ribbit!
Prince Ribbit is moderately wounded.
Prince Ribbit misses you.
The centaur shoots an arrow.
The arrow barely misses you. Prince Ribbit hits you!
You die...

#'#####)#####.....
#.#.).#†#[[##.....
#.#...#.#))#####'#
#.#...†.#))##.....
#.##'####))##.....
#.#.)...#..##.....
#.#.....#'###...<.
#F#........##.....
#@#........##.....
#'###########.....
#(.#.#.## ######
#.(c....#
##w#.#S##
#.(.....#
##.#.#.## .......#
##.#.#..+


You could see Prince Ribbit, a centaur and a worm.

Vanquished Creatures
  An ogre (D)
  An adder (D)
  2 orcs (D)
  A giant cockroach (D)
  A goblin (D)
  2 quokkas (D)
  2 rats (D)
10 creatures vanquished.

Vanquished Creatures (others)
  A storm dragon (D)
  A deep elf high priest (D)
  A necromancer (D)
  An eye of draining (D)
4 creatures vanquished.

Grand Total: 14 creatures vanquished

Notes
Turn   | Place    | Note
-------+----------+-------------------------------------------
     0 | D        | Musica the Hill Orc Monk began the quest for the Orb.
     0 | D        | Reached XP level 1. HP: 19/19 MP: 1/1
    44 | D        | Found a bloodstained altar of Trog.
    44 | D        | Found a deep blue altar of Sif Muna.
    44 | D        | Found a viscous altar of Jiyva.
    44 | D        | Found a hazy altar of Hepliaklqana.
    44 | D        | Found an opulent altar of Gozag.
    45 | D        | Found a glowing golden altar of the Shining One.
    45 | D        | Found a glowing silver altar of Zin.
    45 | D        | Found a basalt altar of Yredelemnul.
    45 | D        | Found a shimmering altar of Xom.
    45 | D        | Found an ornate altar of the Wu Jian Council.
    45 | D        | Found a sacrificial altar of Ru.
    45 | D        | Found a stormy altar of Qazlal.
    45 | D        | Found an iron altar of Okawaru.
    45 | D        | Found a sparkling altar of Nemelex Xobeh.
    45 | D        | Found a burning altar of Makhleb.
    45 | D        | Found a blossoming altar of Fedhas.
    45 | D        | Found a white marble altar of Elyvilon.
    45 | D        | Found a shadowy altar of Dithmenos.
    45 | D        | Found a snail-covered altar of Cheibriados.
    47 | D        | Found a radiant altar of Vehumet.
    47 | D        | Found a corrupted altar of Lugonu.
    47 | D        | Found a roughly hewn altar of Beogh.
    48 | D        | Found a hide-covered altar of Uskayaw.
    48 | D        | Found an ancient bone altar of Kikubaaqudgha.
    48 | D        | Found a shattered altar of Ashenzari.
    54 | D        | Became a worshipper of the Wu Jian Council
    54 | D        | Reached * piety under Wu Jian
    54 | D        | Reached ** piety under Wu Jian
   136 | D        | Reached skill level 4 in Unarmed Combat
   139 | D        | Killed a deep elf high priest
   148 | D        | Reached *** piety under Wu Jian
   153 | D        | Noticed an ogre
   153 | D        | Reached skill level 5 in Fighting
   153 | D        | Reached XP level 2. HP: 24/29 MP: 2/2
   164 | D        | Killed an ogre
   164 | D        | Reached skill level 7 in Unarmed Combat
   164 | D        | Reached XP level 3. HP: 15/40 MP: 3/3
   164 | D        | Reached XP level 4. HP: 18/48 MP: 4/4
   167 | D        | Reached **** piety under Wu Jian
   228 | D        | Killed a storm dragon
   246 | D        | Killed a necromancer
   295 | D        | Killed an eye of draining
   622 | D        | Reached skill level 8 in Unarmed Combat
   624 | D        | Noticed a centaur
   625 | D        | Noticed Prince Ribbit
   631 | D        | Slain by Prince Ribbit

Vault maps used:
D:        pitsprint

Skill      XL: |  1  2  3  4 |
---------------+-------------+-----
Fighting       | 5 7 |  7.9
Unarmed Combat | 4 7 8 |  8.0
Dodging        | |  2.4
Stealth        | |  1.5

Action                   |  1- 3 |  4- 6 || total
-------------------------+-------+-------++-------
Melee: Unarmed           |    35 |     8 ||    43
       Punch             |     1 |       ||     1
  Use: Potion            |     2 |       ||     2
 Stab: Sleeping          |     2 |       ||     2
Armor: Robe              |     5 |       ||     5
Dodge: Dodged            |    14 |     8 ||    22
